 Seeded DCSS version 0.31-a0-355-g57cb03d3e8 (webtiles) character file.

Game seed: 18235235384578368291 (custom seed)

7032 bmack86 the Severer (level 10, -1/77 HPs)
             Began as a Minotaur Fighter on July 25, 2023.
             Was an Elder of Okawaru.
             Slain by an unseen horror (5 damage)
             ... on level 10 of the Dungeon.
             The game lasted 00:18:02 (8142 turns).

bmack86 the Severer (Minotaur Fighter)              Turns: 8142, Time: 00:18:02

Health: -1/77      AC: 15    Str: 25    XL:     10   Next: 83%
Magic:  14/14      EV:  8    Int:  5    God:    Okawaru [****..]
Gold:   539        SH:  4    Dex: 10    Spells: 9/9 levels left

rFire   . . .        E - +0 broad axe (spect)
rCold   . . .        c - +0 buckler
rNeg    . . .        t - +3 chain mail {Will+}
rPois   .            (helmet restricted)
rElec   .            q - +2 cloak
rCorr   .            (no gloves)
SInv    .            (no boots)
Will    +++..        (no amulet) Stlth
                     j - ring of willpower
HPRegen 0.32/turn    r - ring of willpower
MPRegen 0.14/turn

%: no passive effects
@: no status effects
A: horns 2, retaliatory headbutt
a: Renounce Religion, Heroism, Finesse


You were on level 10 of the Dungeon.
You worshipped Okawaru.
Okawaru was greatly pleased with you.
You visited 2 branches of the dungeon, and saw 11 of its levels.
You also visited: Sewer and Ossuary.

You collected 539 gold pieces.

Inventory:

Hand Weapons
 a - a +0 war axe
 E - a +0 spectral broad axe (weapon)
Missiles
 v - a curare-tipped dart
 B - 2 javelins
Armour
 b - a +0 scale mail
 c - a +0 buckler (worn)
 e - a +0 kite shield
 q - a +2 cloak (worn)
 t - a +3 chain mail of willpower (worn)
Jewellery
 j - a ring of willpower (left hand)
 m - a ring of wizardry
 r - a ring of willpower (right hand)
 y - a ring of willpower
 D - a +5 ring of evasion
Wands
 h - a wand of flame (2)
 s - a wand of quicksilver (11) (quivered)
 C - a wand of mindburst (6)
Scrolls
 g - a scroll of blinking
 k - 4 scrolls of poison
 n - 3 scrolls of fear
 u - 2 scrolls of teleportation
Potions
 d - 2 potions of might
 f - 6 potions of attraction {unknown}
 i - 3 potions of mutation {unknown}
 l - a potion of enlightenment {unknown}
 o - 2 potions of lignification {unknown}
 p - a potion of heal wounds
 w - 3 potions of curing
 x - 2 potions of cancellation {unknown}
 z - a potion of ambrosia {unknown}
 A - 3 potions of invisibility {unknown}
 F - a potion of brilliance {unknown}


   Skills:
 - Level 3.6 Fighting
 * Level 17.4 Axes
 - Level 3.6 Armour
 - Level 3.6 Shields
 + Level 7.4 Invocations


You had 9 spell levels left.
You didn't know any spells.
Your spell library contained the following spells:

 Spells                   Type           Power      Damage    Failure   Level
 Slow                     Hex            0%         N/A       98%         1
 Static Discharge         Conj/Air       0%         2-2/arc   99%         2
 Sublimation of Blood     Necr           0%         N/A       99%         2
 Confusing Touch          Hex            0%         N/A       100%        3
 Vampiric Draining        Necr           0%         2d6       100%        3
 Airstrike                Air            0%         2d(0-16)  100%        4
 Anguish                  Hex/Necr       0%         N/A       100%        4
 Cause Fear               Hex            0%         N/A       100%        4
 Petrify                  Tmut/Erth      0%         N/A       100%        4
 Irradiate                Conj/Tmut      0%         3d11      100%        5
 Enfeeble                 Hex            0%         N/A       100%        7
 Summon Lightning Spire   Summ/Air       Unusable   N/A       N/A         4

Dungeon Overview and Level Annotations

Branches:
Dungeon (10/15)            Temple (1/1) D:6            Lair (0/5) D:10
    Orc (0/2) D:9           Sewer (visited)         Ossuary (visited)

Altars:
Ashenzari
Cheibriados
Dithmenos
Elyvilon
Fedhas
Gozag
Hepliaklqana
Kikubaaqudgha
Makhleb
Nemelex Xobeh
Okawaru
Qazlal
Ru
Sif Muna
Trog
Uskayaw
Vehumet
Wu Jian
Xom
Yredelemnul
Zin
The Shining One

Shops:
D:2 *   D:6 *   D:7 *   D:9 [


Innate Abilities, Weirdness & Mutations

You have a pair of horns on your head.
You reflexively headbutt those who attack you in melee.


Message History

You swap places.
Your +0 spectral broad axe disappears.
Something hits you. Something hits you but does no damage.
The warg closely misses you.
Things that are here:
a +0 flail; a +0 chain mail; an orc corpse You barely miss something.
Your headbutt misses something. You closely miss the warg.
Your +0 spectral broad axe barely misses something.
Your +0 spectral broad axe hits the warg!
You kill the warg!
Okawaru accepts your kill. Something hits you but does no damage.
Your +0 spectral broad axe disappears.
A nearby plant withers and dies.
Something completely misses you.
Things that are here:
a +0 flail; a +0 chain mail; an orc corpse
Things that are here:
a +0 flail; a +0 chain mail; an orc corpse Something hits you but does no damage.
Something hits you!
* * * LOW HITPOINT WARNING * * *
Something hits you but does no damage. Something hits you.
* * * LOW HITPOINT WARNING * * *
Something hits you.
* * * LOW HITPOINT WARNING * * *
Something hits you.
* * * LOW HITPOINT WARNING * * *
Items here: ) [ ††.
You closely miss something.
Your +0 spectral broad axe closely misses something.
Something hits you but does no damage.
You barely miss something.
Your +0 spectral broad axe closely misses something.
Something hits you but does no damage.
Your +0 spectral broad axe disappears.
Something hits you!
* * * LOW HITPOINT WARNING * * *
Something hits you.
You die...

#.#(# ##...##
#.#.###.....##
#....#.......#
#.####....P..##
#.# #.........#
#.###.........#.
#..)...))>......
###.#.).).....##
#@#.........#
#.##.......##
#.##.......#
..###.....## ###
##...## ##.## .#


There were no monsters in sight!

Vanquished Creatures
  A two-headed ogre (D:9)
  Amaemon (D:8)
  An orange demon (D:8)
  Maggie (D:7)
  Prince Ribbit (D:5)
  Eustachio (D:5)
  A wyvern (D:8)
  A steam dragon (D:7)
  Menkaure (D:7)
  3 wargs (D:10)
  A water moccasin (Sewer)
  Duvessa (D:7)
  4 sky beasts
  An orc warrior (D:9)
  2 ice beasts
  2 black bears
  3 centaurs
  3 kobold brigands
  7 bullfrogs
  2 gnoll sergeants
  A scorpion (D:5)
  6 water moccasin zombies (Ossuary)
  3 wights (D:8)
  Dowan (D:7)
  10 killer bees (D:9)
  3 howler monkeys (D:9)
  2 jellies
  Crazy Yiuf (D:3)
  6 orc priests
  3 hounds
  4 iguanas
  Ijyb (D:5)
  6 orc wizards
  3 mummies
  Robin (D:3)
  11 gnolls
  7 adders
  A shadow imp (D:7)
  A white imp (D:7)
  An ufetubus (D:6)
  3 adder zombies (Ossuary)
  4 worms
  A dart slug (D:3)
  24 orcs
  11 endoplasms
  3 giant cockroaches
  2 gnoll zombies (Ossuary)
  22 goblins
  7 hobgoblins
  15 jackals
  2 quokkas
  11 ball pythons
  15 bats
  5 frilled lizards
  7 hobgoblin zombies (Ossuary)
  19 kobolds
  3 kobold zombies (Ossuary)
  6 orc zombies (Ossuary)
  3 rats
273 creatures vanquished.

Notes
Turn   | Place    | Note
-------+----------+-------------------------------------------
     0 | D:1      | bmack86 the Minotaur Fighter began the quest for the Orb.
     0 | D:1      | Reached XP level 1. HP: 19/19 MP: 0/0
   153 | D:1      | Reached skill level 3 in Axes
   183 | D:1      | Reached XP level 2. HP: 26/26 MP: 1/1
   620 | D:1      | Reached skill level 4 in Axes
   887 | D:2      | Reached XP level 3. HP: 31/31 MP: 2/2
  1041 | D:2      | Reached skill level 5 in Axes
  1071 | D:2      | Found Uzaixa's General Store.
  1153 | D:2      | Reached XP level 4. HP: 39/39 MP: 3/3
  1397 | D:3      | Noticed Robin
  1428 | D:3      | Killed Robin
  1472 | D:3      | Reached skill level 6 in Axes
  1647 | D:3      | Found a faded altar of an unknown god.
  1697 | D:3      | Reached XP level 5. HP: 37/45 MP: 4/4
  1862 | D:3      | Found a runed translucent door.
  1863 | D:3      | Noticed Crazy Yiuf
  1869 | D:3      | Killed Crazy Yiuf
  2149 | D:4      | Reached skill level 7 in Axes
  2183 | D:4      | Found a glowing drain.
  2217 | Sewer    | Entered a sewer
  2254 | Sewer    | Noticed a water moccasin
  2262 | Sewer    | Killed a water moccasin
  2263 | Sewer    | Reached skill level 8 in Axes
  2263 | Sewer    | Reached XP level 6. HP: 45/51 MP: 5/5
  2977 | D:5      | Entered Level 5 of the Dungeon
  2991 | D:5      | Reached skill level 9 in Axes
  2993 | D:5      | Found Niubror's General Store.
  2998 | D:5      | HP: 2/51 [orc priest/nerve-wracking pain (4)]
  3141 | D:5      | Found a hazy altar of Hepliaklqana.
  3148 | D:5      | Noticed Eustachio
  3169 | D:5      | Reached XP level 7. HP: 49/57 MP: 6/6
  3181 | D:5      | Killed Eustachio
  3182 | D:5      | Reached skill level 10 in Axes
  3286 | D:5      | Noticed Ijyb
  3292 | D:5      | Killed Ijyb
  3308 | D:5      | Found a sand-covered staircase.
  3383 | Ossuary  | Entered an ossuary
  3453 | Ossuary  | Reached skill level 11 in Axes
  3474 | Ossuary  | Reached XP level 8. HP: 63/64 MP: 7/7
  3628 | D:5      | Noticed Prince Ribbit
  3645 | D:5      | Killed Prince Ribbit
  3646 | D:5      | Reached skill level 12 in Axes
  3998 | D:5      | Found a radiant altar of Vehumet.
  4097 | D:6      | Found a staircase to the Ecumenical Temple.
  4110 | Temple   | Entered the Ecumenical Temple
  4130 | Temple   | Became a worshipper of Warmaster Okawaru
  4183 | D:6      | Reached skill level 13 in Axes
  4185 | D:6      | Reached skill level 1 in Invocations
  4525 | D:6      | Found Doinypsy's Fire Supplies.
  4642 | D:6      | Reached XP level 9. HP: 63/70 MP: 9/9
  4798 | D:7      | Noticed Maggie
  4806 | D:7      | Killed Maggie
  4806 | D:7      | Reached * piety under Okawaru
  4807 | D:7      | Reached skill level 14 in Axes
  5099 | D:7      | Noticed Dowan
  5100 | D:7      | Noticed Duvessa
  5117 | D:7      | Killed Dowan
  5119 | D:7      | Killed Duvessa
  5159 | D:7      | Found Hokk's Neck Hole.
  5186 | D:7      | Noticed Menkaure
  5197 | D:7      | Killed Menkaure
  5197 | D:7      | Reached ** piety under Okawaru
  5414 | D:7      | Reached skill level 15 in Axes
  5810 | D:7      | Identified the +0 robe of Letaejid {rElec SInv}
  6194 | D:8      | Reached skill level 5 in Invocations
  6297 | D:8      | Found an opulent altar of Gozag.
  6319 | D:8      | Noticed an orange demon
  6327 | D:8      | Noticed Amaemon
  6328 | D:8      | Killed an orange demon
  6329 | D:8      | Reached XP level 10. HP: 64/77 MP: 9/13
  6337 | D:8      | Killed Amaemon
  6337 | D:8      | Reached *** piety under Okawaru
  6338 | D:8      | Reached skill level 16 in Axes
  6942 | D:9      | Found a white marble altar of Elyvilon.
  7010 | D:9      | Noticed a two-headed ogre
  7018 | D:9      | Killed a two-headed ogre
  7201 | D:9      | Found a staircase to the Orcish Mines.
  7270 | D:9      | Found Pugiesub's Antique Armour Emporium.
  7291 | D:9      | Reached **** piety under Okawaru
  7654 | D:9      | Reached skill level 17 in Axes
  8049 | D:10     | Entered Level 10 of the Dungeon
  8114 | D:10     | Found a staircase to the Lair.
  8127 | D:10     | HP: 1/77 [orc priest/+0 flail (4)]
  8142 | D:10     | HP: 3/77 [something (7)]
  8142 | D:10     | Slain by an unseen horror

Illustrated notes

Levels and vault maps discovered:
D:1:      onia_arrival_mini_maze_b, layout_basic
D:2:      minmay_angry_zag, layout_rooms, serial_shops, nicolae_diamond_shop
D:3:      layout_rooms, hellmonk_ecumenical_altar_lost_god, uniq_robin,
          uniq_crazy_yiuf_cottage
D:4:      layout_loops_cross, cheibrodos_sewer_entry_bend
D:5:      layout_rooms, mainiacjoe_overflow_catwalk, nicolae_vehumet_radiance,
          serial_shops, shop_fountains, gup_ossuary_entry_pyramid, uniq_ijyb,
          uniq_prince_ribbit1, uniq_eustachio
D:6:      layout_cave_pools, minmay_temple_entry_statues_pillars,
          kennysheep_flooded_box, nicolae_shop_fire_sale
          [nicolae_sub_dead_trees], minmay_misc_feat_nine_boxes
D:7:      layout_basic, nicolae_shop_sticking_my_neck_out, uniq_menkaure,
          uniq_maggie, uniq_duvessa
D:8:      layout_basic, grunt_gozag_statues, uniq_amaemon
D:9:      layout_loops_ring, elyvilon_altar_1, orc_0_dummy, serial_shops, shop
D:10:     minmay_goldmine, layout_loops_ring, erik_lair_orcish_takeover,
          serial_shops, nicolae_shop_dealshenge, nrook_mini_vaults
Temple:   hc_temple_tempest_star

Skill      XL: |  1  2  3  4  5  6  7  8  9 10 |
---------------+-------------------------------+-----
Axes           | 3 4 5 6 8 9 11 13 15 17 | 17.4
Invocations    | 2 5 7 |  7.4
Fighting       | |  3.6
Armour         | |  3.6
Shields        | |  3.6

Action                     |  1- 3 |  4- 6 |  7- 9 | 10-12 || total
---------------------------+-------+-------+-------+-------++-------
  Melee: War axe           |    96 |   179 |   153 |       ||   428
         Headbutt          |    11 |    22 |    43 |    27 ||   103
         Broad axe         |       |       |    93 |   137 ||   230
 Invoke: Heroism           |       |       |     1 |       ||     1
    Use: Scroll            |       |     3 |     9 |     3 ||    15
         Potion            |       |     1 |     2 |     3 ||     6
 Armour: Scale mail        |    35 |   100 |     7 |       ||   142
         Chain mail        |       |       |   118 |    88 ||   206
  Dodge: Dodged            |    54 |   119 |    94 |    52 ||   319
  Block: Buckler           |    25 |    41 |    56 |    32 ||   154

Table legend: (Time is in decaauts)
 A = Elapsed time spent in this place.
 B = Non-inter-level travel time spent in this place.
 C = Inter-level travel time spent in this place.
 D = Time resting spent in this place.
 E = Time spent auto-exploring this place.
 F = Levels seen in this place.
 G = Mean time per level.
                   A        B        C        D        E       F      G
               +--------+--------+--------+--------+--------+-----+--------+
         Total |   8167 |   7925 |    242 |    557 |   4865 |  13 |  628.2 |
       Dungeon |   7823 |   7619 |    204 |    517 |   4865 |  10 |  782.3 |
        Temple |     40 |      2 |     38 |      0 |      0 |   1 |   40.0 |
         Sewer |     93 |     93 |      0 |      0 |      0 |   1 |   93.0 |
       Ossuary |    210 |    210 |      0 |     40 |      0 |   1 |  210.0 |
               +--------+--------+--------+--------+--------+-----+--------+

Top non-repeatable levels by time:
     D:7: 1263 daAuts
     D:9: 1112 daAuts
     D:4: 870 daAuts
     D:5: 868 daAuts
     D:8: 850 daAuts
     D:1: 808 daAuts
     D:6: 685 daAuts
     D:3: 674 daAuts
     D:2: 600 daAuts
 Ossuary: 210 daAuts
   Sewer: 93 daAuts
    D:10: 89 daAuts
  Temple: 40 daAuts
